 Dungeon Crawl Stone Soup version 0.21-a0-348-ga060c75 (webtiles) character file.

209 Amnesiac the Ducker (level 5, 0/33 HPs)
             Began as a Deep Elf Ice Elementalist on Oct 6, 2017.
             Slain by a hound skeleton (1 damage)
             ... on level 4 of the Dungeon.
             The game lasted 00:03:43 (1565 turns).

Amnesiac the Ducker (Deep Elf Ice Elementalist)     Turns: 1565, Time: 00:03:45

Health: 0/33       AC:  5    Str:  5    XL:     5   Next: 55%
Magic:  0/11       EV: 14    Int: 26    God:
Gold:   162        SH:  0    Dex: 15    Spells: 2/10 levels left

rFire    . . .     SeeInvis .   f - +0 dagger (flame)
rCold    . . .     Gourm    .   (no shield)
rNeg     . . .     Faith    .   a - +0 robe
rPois    .         Spirit   .   (no helmet)
rElec    .         Reflect  .   (no cloak)
rCorr    .         Harm     .   l - +2 pair of gloves
MR       .....                  (no boots)
Stlth    ++........             (no amulet)
HPRegen  0.11/turn              (no ring)
MPRegen  0.12/turn              (no ring)

@: brilliant, flying, slowed, very slow
A: no striking features
a: no special abilities


You were on level 4 of the Dungeon.
You were not hungry.

You visited 1 branch of the dungeon, and saw 4 of its levels.

You collected 162 gold pieces.

Inventory:

Hand Weapons
 f - a +0 dagger of flaming (weapon)
Armour
 a - a +0 robe (worn)
 l - a +2 pair of gloves (worn)
Scrolls
 d - 5 scrolls of identify {!r, unknown}
 e - 4 scrolls of fog {!r, unknown}
 i - a scroll of enchant weapon {!r, unknown}
 k - a scroll of enchant armour {!r, unknown}
 n - a scroll of amnesia {!r, unknown}
 q - 3 scrolls of remove curse {!r, unknown}
Books
 b - a book of Frost

   Spells                             Type                      Level
   a - Freeze                         Ice                          1
   b - Throw Frost                    Conjuration/Ice              2
   c - Ozocubu's Armour               Charms/Ice                   3
   d - Throw Icicle                   Conjuration/Ice              4
   e - Summon Ice Beast               Ice/Summoning                4
Comestibles
 c - a bread ration
 g - a royal jelly
 h - a meat ration
 o - a chunk of flesh


   Skills:
 + Level 3.8 Fighting
 - Level 4.0 Dodging
 - Level 2.4 Stealth
 - Level 3.0 Spellcasting
 - Level 1.1 Conjurations
 - Level 3.2 Ice Magic


You had 2 spell levels left.
You knew the following spells:

 Your Spells              Type           Power        Failure   Level  Hunger
a - Freeze                Ice            ####         1%          1    None
b - Ozocubu's Armour      Chrm/Ice       ####....     1%          3    ###....
d - Throw Icicle          Conj/Ice       ####....     4%          4    ####...


Dungeon Overview and Level Annotations

Branches:
Dungeon (4/15)
 Temple: D:4-7

Altars:

Annotations:
D:4 Grinder, Menkaure


Message History

You are confused.
Really quaff
j - a silvery potion {!q}?
It was a potion of brilliance {!q}.
You feel clever all of a sudden.
The hound skeleton bites you but does no damage.
The hound skeleton completely misses you.
You hear some strange, mumbled words.
A puff of flame appears from out of thin air!
The puff of flame hits you! The heat melts your icy armour.
Really quaff
m - a metallic dark potion {!q}?
It was a potion of curing {!q}.
You feel better.
The hound skeleton bites you but does no damage.
Something completely misses you.
The orc throws a tomahawk.
The tomahawk hits you but does no damage.
The hound skeleton bites you but does no damage.
You hear some strange, mumbled words.
Something tries to affect you, but you resist.
Really quaff
p - a pink potion {!q}?
It was a potion of flight {!q}.
You feel very buoyant.
You fly up into the air.
Your icy armour starts to melt.
The hound skeleton closely misses you.
The orc throws a tomahawk.
The tomahawk closely misses you. The hound skeleton barely misses you.
Something hits you but does no damage.
Press: ? - help, v - describe, . - travel, g - get item A dagger.
There is something else lying underneath.
The floor.
Casting: Freeze
Confirm with . or Enter, or press ? or * to list all spells.
Aiming: Freeze
Press: ? - help, Shift-Dir - straight line, f - you That would be overly suicidal.
Okay, then.
Casting: Freeze
Confirm with . or Enter, or press ? or * to list all spells.
Aiming: Freeze
Press: ? - help, Shift-Dir - straight line You freeze something.
The hound skeleton closely misses you. Something hits you but does no damage.
The hound skeleton closely misses you. Something hits you but does no damage.
Casting: Freeze
Confirm with . or Enter, or press ? or * to list all spells.
Aiming: Freeze
Press: ? - help, Shift-Dir - straight line You freeze something.
The hound skeleton completely misses you.
The orc throws a tomahawk.
The tomahawk closely misses you. The hound skeleton closely misses you.
Something barely misses you.
Casting: Freeze
Confirm with . or Enter, or press ? or * to list all spells.
Aiming: Freeze
Press: ? - help, Shift-Dir - straight line You freeze something.
Your icy armour evaporates.
The hound skeleton closely misses you.
You hear some strange, mumbled words.
A magic dart appears from out of thin air!
The magic dart hits you!
* * * LOW HITPOINT WARNING * * *
The hound skeleton bites you.
You die...

##.#.. #.# #>##.
#.##### . #.
#..... (. #....
... #..Z ...( #
#.. .....
..###.#.####......
.......<.Z@)Z.....
..#####.####o.....
...# ..... #####
.... #.. #


You could see an orc, an adder skeleton and a hound skeleton.

Vanquished Creatures
  A scorpion (D:4)
  A howler monkey (D:4)
  2 orc wizards (D:4)
  A gnoll (D:4)
  2 adders
  2 oozes (D:3)
  An adder skeleton (D:4)
  A worm (D:4)
  A leopard gecko (D:1)
  2 giant cockroaches
  2 goblins
  A hobgoblin (D:1)
  2 jackals (D:3)
  3 bats
  5 frilled lizards
  3 kobolds (D:1)
  4 rats (D:1)
34 creatures vanquished.

Notes
Turn   | Place    | Note
-------+----------+-------------------------------------------
     0 | D:1      | Amnesiac the Deep Elf Ice Elementalist began the quest for the Orb.
     0 | D:1      | Reached XP level 1. HP: 10/10 MP: 6/6
   154 | D:1      | Reached skill level 1 in Fighting
   193 | D:1      | Reached XP level 2. HP: 16/16 MP: 2/8
   838 | D:3      | Reached XP level 3. HP: 20/21 MP: 5/9
   843 | D:3      | Learned a level 3 spell: Ozocubu's Armour
   954 | D:4      | Reached XP level 4. HP: 28/28 MP: 4/10
  1002 | D:4      | Noticed Menkaure
  1050 | D:4      | Reached skill level 3 in Dodging
  1248 | D:4      | Noticed Grinder
  1262 | D:4      | Learned a level 4 spell: Throw Icicle
  1308 | D:4      | Reached skill level 4 in Dodging
  1308 | D:4      | Reached XP level 5. HP: 31/32 MP: 4/11
  1565 | D:4      | HP: 1/33 [something/magic dart (7)]
  1565 | D:4      | Slain by a hound skeleton

Vault maps used:
D:1:      dpeg_arrival_circle_labyrinth_c, minmay_misc_feat_square
D:2:      cheibrodos_old_hovel
D:3:      gammafunk_temple_overflow_elements, moated_statue
D:4:      sigmund_army, uniq_grinder, uniq_sigmund, uniq_menkaure

Skill      XL: |  1  2  3  4 |
---------------+-------------+-----
Fighting       | 1 2 3 |  3.8
Dodging        | 4 |  4.0
Stealth        | |  2.4
Spellcasting   | |  3.0
Conjurations   | |  1.1
Ice Magic      | |  3.2

Action                   |  1- 3 |  4- 6 || total
-------------------------+-------+-------++-------
Melee: Dagger            |     4 |    39 ||    43
 Cast: Freeze            |    32 |    30 ||    62
       Ozocubu's Armour  |       |     2 ||     2
  Use: Potion            |       |     3 ||     3
  Eat: Chunk             |       |     2 ||     2
Armor: Robe              |     4 |    36 ||    40
Dodge: Dodged            |    19 |    61 ||    80

Table legend:
 A = Spawn XP
 B = Non-spawn XP
 C = Spawn XP percentage of total XP
 D = Spawn monster count
 E = Non-spawn monster count
 F = Spawn count percentage of total count
 G = Total turns spent on level
                    A         B        C        D         E        F      G
               +---------+---------+-------+---------+---------+-------+---------
         Total |       0 |     299 |   0.0 |       0 |      34 |   0.0 |  1565
               +---------+---------+-------+---------+---------+-------+---------
           D:1 |       0 |      20 |   0.0 |       0 |      14 |   0.0 |   569
           D:2 |       0 |      14 |   0.0 |       0 |       2 |   0.0 |   232
           D:3 |       0 |      39 |   0.0 |       0 |      10 |   0.0 |   332
           D:4 |       0 |     226 |   0.0 |       0 |       8 |   0.0 |   432
               +---------+---------+-------+---------+---------+-------+---------
